 Dungeon Crawl Stone Soup version 0.26-a0-658-gbdda728c12 (webtiles) character file.

Game seed: 16853129986485046576

36 heikuro the Skirmisher (level 3, -5/29 HPs)
             Began as a Formicid Abyssal Knight on Oct 5, 2020.
             Was a Follower of Lugonu.
             Slain by a scorpion (8 damage)
             ... on level 2 of the Dungeon.
             The game lasted 00:03:31 (1797 turns).

heikuro the Skirmisher (Formicid Abyssal Knight)    Turns: 1797, Time: 00:03:31

Health: -5/29      AC:  5    Str: 17    XL:     3   Next: 57%
Magic:  5/5        EV: 10    Int: 11    God:    Lugonu [*.....]
Gold:   69         SH:  0    Dex: 10    Spells: 2/2 levels left

rFire    . . .     SeeInvis +   a - +1 spear
rCold    . . .     Faith    .   (no shield)
rNeg     . . .     Spirit   .   h - +0 ring mail
rPois    .         Reflect  .   (helmet unavailable)
rElec    .         Harm     .   (no cloak)
rCorr    .         Rampage  .   (no gloves)
MR       .....                  (no boots)
Stlth    ..........             (no amulet)
HPRegen  0.09/turn              (no ring)
MPRegen  0.09/turn              (no ring)

@: lethally poisoned (-5 -> -11)
A: permanent stasis, dig shafts and tunnels, four strong arms, antennae 3
a: Dig, Shaft Self, Depart the Abyss, Renounce Religion


You were on level 2 of the Dungeon.
You worshipped Lugonu.
Lugonu was aware of your devotion.
You visited 1 branch of the dungeon, and saw 2 of its levels.
You visited the Abyss 1 time.

You collected 69 gold pieces.

Inventory:

Hand Weapons
 a - a +1 spear (weapon)
 b - a -2 hunting sling
Missiles
 j - 39 sling bullets
Armour
 f - a +0 leather armour
 h - a +0 ring mail (worn)
Scrolls
 c - a scroll of remove curse
 e - 2 scrolls of fog
 g - a scroll of teleportation {unknown}
 i - a scroll of amnesia {unknown}
Potions
 d - a potion of brilliance {unknown}


   Skills:
 + Level 3.6 Fighting
 * Level 2.7 Polearms
 + Level 0.3 Slings
 + Level 2.6 Armour
 - Level 1.0 Dodging
 + Level 2.6 Invocations


You had 2 spell levels left.
You didn't know any spells.
Your spell library was empty.

Dungeon Overview and Level Annotations

Branches:
Dungeon (2/15)

Altars:


Innate Abilities, Weirdness & Mutations

You cannot be hasted, slowed, berserked, paralysed or teleported.
You can dig through walls and to a lower floor.
Your four strong arms can wield two-handed weapons with a shield.
You have a pair of large antennae on your head. (SInv)


Message History

You barely miss the scorpion.
The scorpion is moderately wounded.
* * * LOW HITPOINT WARNING * * *
You feel sick. The scorpion barely misses you.
You closely miss the scorpion.
The scorpion is moderately wounded.
The scorpion stings you.
* * * LOW HITPOINT WARNING * * *
Unknown command.
Unknown command.
Unknown command.
You hit the scorpion.
The scorpion is severely wounded.
* * * LOW HITPOINT WARNING * * *
You feel sick. The scorpion barely misses you.
You hit the scorpion.
The scorpion is severely wounded.
* * * LOW HITPOINT WARNING * * *
You feel sick. The scorpion stings you!
You die...

....###.......# .
##......#.# #.......#...
#........... #.......###
##.....## #....####
#.#####.#...†.###########..
..........###..@s........$.
#.......#.# ###............
...######.# #.##########h
## #.# #.# #.# #.# #.# #.#
..# #.# ### #.# #.#


You could see a scorpion.

Vanquished Creatures
  An ooze (D:1)
  A dart slug (D:1)
  2 leopard geckos (D:1)
  3 bats (D:1)
  A giant cockroach (D:1)
  3 goblins (D:1)
  2 hobgoblins (D:1)
  3 jackals (D:2)
  4 frilled lizards (D:1)
  4 kobolds
  2 rats (D:1)
26 creatures vanquished.

Notes
Turn   | Place    | Note
-------+----------+-------------------------------------------
     0 | Abyss:1  | heikuro the Formicid Abyssal Knight began the quest for the
                  | Orb.
     0 | Abyss:1  | Reached XP level 1. HP: 18/18 MP: 2/2
    61 | Abyss:1  | Noticed a glowing orange brain
    62 | D:1      | Escaped the Abyss
   200 | D:1      | Reached skill level 1 in Dodging
   545 | D:1      | Reached XP level 2. HP: 22/24 MP: 3/3
   833 | D:1      | Reached XP level 3. HP: 17/29 MP: 4/4
   997 | D:1      | Reached * piety under Lugonu
  1782 | D:2      | Noticed a scorpion
  1797 | D:2      | Slain by a scorpion

Illustrated notes

Levels and vault maps discovered:
D:1:      dpeg_arrival_court, layout_basic
D:2:      layout_loops_ring, overflow_temple_1_default,
          nicolae_qazlal_eye_of_the_storm

Skill      XL: |  1 |
---------------+----+-----
Dodging        | 1 |  1.0
Fighting       | |  3.6
Polearms       | |  2.7
Slings         | |  0.3
Armour         | |  2.6
Invocations    | |  2.6

Action                   || total
-------------------------++-------
Melee: Spear             ||    79
 Fire: Hunting sling     ||    43
Throw: Stone             ||     7
Invok: Depart the Abyss  ||     1
  Use: Scroll            ||     2
Armor: Leather armour    ||    12
       Ring mail         ||     8
Dodge: Dodged            ||    47

Table legend: (Time is in decaauts)
 A = Elapsed time spent in this place.
 B = Non-inter-level travel time spent in this place.
 C = Inter-level travel time spent in this place.
 D = Time resting spent in this place.
 E = Time spent auto-exploring this place.
 F = Levels seen in this place.
 G = Mean time per level.
                   A        B        C        D        E       F      G
               +--------+--------+--------+--------+--------+-----+--------+
         Total |   1803 |   1653 |    150 |    536 |    642 |   3 |  601.0 |
       Dungeon |   1741 |   1591 |    150 |    536 |    582 |   2 |  870.5 |
         Abyss |     62 |     62 |      0 |      0 |     60 |   1 |   62.0 |
               +--------+--------+--------+--------+--------+-----+--------+

Top non-repeatable levels by time:
     D:1: 1581 daAuts
     D:2: 159 daAuts
 Abyss:1: 62 daAuts
